 Dungeon Crawl Stone Soup version 0.19.4-12-gccf7e64 (webtiles) character file.

282 volk64 the Digger (level 6, -2/35 HPs)
             Began as a Gargoyle Earth Elementalist on Feb 27, 2017.
             Slain by an orc (3 damage)
             ... on level 3 of the Dungeon.
             The game lasted 00:16:02 (2848 turns).

volk64 the Digger (Gargoyle Earth Elementalist)     Turns: 2848, Time: 00:16:02

Health: -2/35      AC:  7    Str: 11    XL:     6   Next: 28%
Magic:  0/11       EV: 12    Int: 18    God:
Gold:   105        SH:  0    Dex: 10    Spells: 3 memorised, 3 levels left

rFire  . . .     SeeInvis .     f - +0 hand axe
rCold  . . .     Gourm    .     c - +0 robe
rNeg   + . .     Faith    .     (no shield)
rPois  ∞         Spirit   .     j - +0 helmet
rElec  +         Reflect  .     (no cloak)
rCorr  .         Harm     .     (no gloves)
MR     .....                    (no boots)
Stlth  ++........               (no amulet)
                                (no ring)
                                (no ring)

@: very slightly contaminated
A: mutation resistance 1, negative energy resistance 1, electricity resistance,
unbreathing, petrification resistance, rot immunity, AC +4
a: no special abilities


You were on level 3 of the Dungeon.
You were not hungry.

You visited 1 branch of the dungeon, and saw 3 of its levels.

You collected 105 gold pieces.

Inventory:

Hand Weapons
 f - a +0 hand axe (weapon)
Missiles
 b - 45 stones (quivered)
Armour
 c - a +0 robe (worn)
 j - a +0 helmet (worn)
Scrolls
 a - a scroll of amnesia {unknown}
 k - a scroll of identify {unknown}
 l - a scroll of random uselessness {unknown}
Books
 e - a book of Geomancy

   Spells                             Type                      Level
   a - Sandblast                      Earth                        1
   b - Passwall                       Transmutation/Earth          2
   c - Stone Arrow                    Conjuration/Earth            3
   d - Petrify                        Transmutation/Earth          4
   e - Lee's Rapid Deconstruction     Earth                        5
Comestibles
 d - 3 bread rations
 g - 4 fruits


   Skills:
 * Level 1.9 Fighting
 + Level 1.5 Dodging
 + Level 2.6 Stealth
 + Level 3.5 Spellcasting
 + Level 0.2 Conjurations
   Level 0.7 Transmutations
 * Level 6.5 Earth Magic


You had 3 spell levels left.
You knew the following spells:

 Your Spells              Type           Power        Failure   Level  Hunger
a - Sandblast             Erth           ####..       1%          1    None
b - Stone Arrow           Conj/Erth      ###...       14%         3    ###....
c - Lee's Rapid Deconstr  Erth           ####......   34%         5    ######.


Dungeon Overview and Level Annotations

Branches:
Dungeon (3/15)

Altars:
Elyvilon
Yredelemnul


Innate Abilities, Weirdness & Mutations

You are resistant to torment.
Your stone body is resilient. (AC +4)
You are immune to poison.
You resist negative energy. (rN+)
You are resistant to electric shocks. (rElec)
You can survive without breathing.
You are immune to petrification.
You are immune to rotting.
You are somewhat resistant to further mutation.


Message History

Confirm with . or Enter, or press ? or * to list all spells.
Aiming: Sandblast
Press: ? - help, Shift-Dir - straight line, f/p - orc
Aim: an orc, wearing a scale mail (heavily wounded)
The blast of sand hits the orc.
The orc is heavily wounded.
The orc hits you but does no damage. The orc hits you but does no damage.
Things that are here:
a dagger; a hand axe; an orc corpse You hit the orc but do no damage.
The orc is heavily wounded.
The orc closely misses you. The orc barely misses you.
You hit the orc but do no damage.
The orc is heavily wounded.
The orc hits you but does no damage.
You hit the orc but do no damage.
The orc is moderately wounded.
The orc hits you.
You die...

.. ##### ... ....# .......
.... ...# #.......#
....####(.###.......+
.......+..##........#
.......#..##........#
#...#..##........# ###
#.).'..##........######..
#...#...@........+.......
#.).#..##o.......######.#
#oo.#..##.###.........#.#
#...#.....###..(......'..
.o..#.................#.#
.....#..#######........#.#
......#..# #........#..
#..# ##...##...... #..#
#........##..


You could see an orc.

Vanquished Creatures
  Sigmund (D:2)
  Natasha (D:3)
  3 adders (D:2)
  A howler monkey skeleton (D:3)
  A worm (D:2)
  3 dart slugs
  4 orcs (D:3)
  10 bats
  A giant cockroach (D:1)
  4 goblins
  4 hobgoblins
  5 jackals
  3 frilled lizards
  7 kobolds
  9 rats
57 creatures vanquished.

Notes
Turn   | Place    | Note
-------+----------+-------------------------------------------
     0 | D:1      | volk64 the Gargoyle Earth Elementalist began the quest for the Orb.
     0 | D:1      | Reached XP level 1. HP: 10/10 MP: 3/3
   129 | D:1      | Reached skill level 4 in Earth Magic
   168 | D:1      | Reached XP level 2. HP: 13/15 MP: 3/5
   822 | D:1      | Reached XP level 3. HP: 20/20 MP: 1/6
  1214 | D:2      | Noticed Sigmund
  1219 | D:2      | Killed Sigmund
  1219 | D:2      | Reached skill level 1 in Fighting
  1219 | D:2      | Reached skill level 5 in Earth Magic
  1219 | D:2      | Reached XP level 4. HP: 25/25 MP: 2/8
  1219 | D:2      | Reached XP level 5. HP: 29/29 MP: 2/9
  1319 | D:2      | Reached skill level 6 in Earth Magic
  1330 | D:2      | Learned a level 3 spell: Stone Arrow
  1656 | D:2      | Found a basalt altar of Yredelemnul.
  1840 | D:2      | Found a white marble altar of Elyvilon.
  2010 | D:2      | Reached XP level 6. HP: 35/35 MP: 7/10
  2073 | D:2      | Learned a level 5 spell: Lee's Rapid Deconstruction
  2804 | D:3      | Noticed Natasha
  2811 | D:3      | Gained mutation: You are somewhat resistant to further mutation. [potion of beneficial mutation]
  2815 | D:3      | Killed Natasha
  2835 | D:3      | HP: 1/35 [orc (3)]
  2843 | D:3      | HP: 1/35 [orc (1)]
  2848 | D:3      | Slain by an orc

Skill      XL: |  1  2  3  4  5 |
---------------+----------------+-----
Earth Magic    | 4 5 6 |  6.5
Fighting       | 1 |  1.9
Spellcasting   | 3 |  3.5
Dodging        | |  1.5
Stealth        | |  2.6
Conjurations   | |  0.2
Transmutations | |  0.7

Action                   |  1- 3 |  4- 6 || total
-------------------------+-------+-------++-------
Melee: Hand axe          |    12 |    53 ||    65
       Unarmed           |     4 |       ||     4
 Cast: Sandblast         |    45 |    24 ||    69
       Stone Arrow       |       |    19 ||    19
       Lee's Rapid Decon |       |     3 ||     3
  Use: Scroll            |     2 |       ||     2
       Potion            |     2 |     2 ||     4
  Eat: Chunk             |     1 |     6 ||     7
       Bread ration      |       |     1 ||     1
Armor: Robe              |    15 |    32 ||    47
Dodge: Dodged            |    37 |    50 ||    87
